 Dungeon Crawl Stone Soup version 0.31-a0-1612-g4aaf141004 (webtiles) character file.

Game seed: 9014475306025737925

116 AstroCodex24 the Trooper (level 4, 0/35 HPs)
             Began as a Vampire Fighter on Jan 9, 2024.
             Slain by an iguana (5 damage)
             ... on level 4 of the Dungeon.
             The game lasted 00:01:05 (283 turns).

AstroCodex24 the Trooper (Vampire Fighter)           Turns: 283, Time: 00:01:07

Health: 0/35       AC:  6    Str: 17    XL:     4   Next: 70%
Magic:  4/4        EV:  9    Int: 10    God:
Gold:   35         SH:  4    Dex: 13    Spells: 3/3 levels left

rFire   . . .        a - +0 war axe
rCold   . . .        c - +0 buckler
rNeg    . . .        b - +0 scale mail
rPois   .            (no helmet)
rElec   .            (no cloak)
rCorr   .            (no gloves)
SInv    +            (no boots)
Will    .....        (no amulet) Stlth
                     (no ring)
HPRegen 0.45/turn    (no ring)
MPRegen 0.09/turn

%: no passive effects
@: healing quickly
A: alive, fangs 3, see invisible, vampiric 2
a: Exsanguinate


You were on level 4 of the Dungeon.
You visited 1 branch of the dungeon, and saw 4 of its levels.

You collected 35 gold pieces.

Inventory:

Hand Weapons
 a - a +0 war axe (weapon)
Armour
 b - a +0 scale mail (worn)
 c - a +0 buckler (worn)
Scrolls
 f - a scroll of blinking {unknown}
 h - a scroll of fog {unknown}
 j - a scroll of amnesia {unknown}
Potions
 d - a potion of might
 e - a potion of resistance {unknown}
 g - a potion of heal wounds {unknown}
 i - a potion of curing {unknown}


   Skills:
 + Level 3.4 Fighting
 + Level 2.8 Axes
 + Level 3.1 Armour
 + Level 0.1 Dodging
 + Level 3.2 Shields


You had 3 spell levels left.
You didn't know any spells.
Your spell library was empty.

Dungeon Overview and Level Annotations

Branches:
Dungeon (4/15)
 Temple: D:4-7

Altars:


Innate Abilities, Weirdness & Mutations

Your natural rate of healing is accelerated.
You have razor-sharp teeth.
You have supernaturally acute eyesight. (SInv)
You are afflicted with vampirism and can become a bat while bloodless.


Message History

Things that are here:
a +0 trident; a +0 leather armour
There is a stone staircase leading down here.
An iguana comes into view.
The iguana hisses angrily.
The iguana moves out of view.
The iguana bites you. The iguana attacks as it pursues you!
The iguana misses you.
Found 10 gold pieces.
You barely miss the iguana. Your bite misses the iguana. The iguana bites you!
The iguana closely misses you.
You barely miss the iguana. The iguana bites you!
You closely miss the iguana. The iguana bites you!
* * * LOW HITPOINT WARNING * * *
You closely miss the iguana.
The iguana bites you but does no damage.
The iguana bites you.
* * * LOW HITPOINT WARNING * * *
You hit the iguana.
The iguana is lightly wounded.
You block the iguana's attack.
You hit the iguana.
The iguana is moderately wounded.
The iguana barely misses you.
The iguana bites you but does no damage.
You slash the iguana!
The iguana is heavily wounded.
The iguana bites you but does no damage.
You hit the iguana but do no damage.
The iguana is heavily wounded.
The iguana bites you.
* * * LOW HITPOINT WARNING * * *
You slash the iguana!
The iguana is almost dead.
The iguana bites you but does no damage.
You block the iguana's attack.
You closely miss the iguana.
The iguana is almost dead.
The iguana bites you.
You die...

#.## #..# ### #..# #..
#..# #.# #..# # #.#
#..## #.##.##### )...#
.......
....######.#.#####
......>........l@#
....##.###.#..........#
#......# #.............#
........................
##.....#########.#.#.$.#
+....... ........#
#.....### ..##..#.#
#...... ... .....


You could see an iguana.

Vanquished Creatures
  A water moccasin (D:4)
  An orc (D:4)
  2 endoplasms
  2 goblins (D:3)
  A hobgoblin (D:4)
  A ball python (D:3)
  A frilled lizard (D:3)
  A rat (D:2)
10 creatures vanquished.

Notes
Turn   | Place    | Note
-------+----------+-------------------------------------------
     0 | D:1      | AstroCodex24 the Vampire Fighter began the quest for the
                  | Orb.
     0 | D:1      | Reached XP level 1. HP: 17/17 MP: 1/1
   231 | D:4      | Noticed a water moccasin
   234 | D:4      | Reached XP level 2. HP: 23/23 MP: 2/2
   243 | D:4      | Killed a water moccasin
   244 | D:4      | Gained mutation: You are afflicted with vampirism and can
                  | become a bat while bloodless. [Vampire growth]
   244 | D:4      | Reached XP level 3. HP: 19/29 MP: 3/3
   244 | D:4      | Reached XP level 4. HP: 23/35 MP: 4/4
   283 | D:4      | Slain by an iguana

Illustrated notes

Levels and vault maps discovered:
D:1:      psy_arrival_fountain, layout_loops_ring
D:2:      layout_basic, minmay_misc_feat_alley
D:3:      layout_loops_ring, st_stairs_10, uniq_robin
D:4:      layout_basic, hangedman_decor_diamond_cutter, uniq_duvessa

Skill      XL: |  1  2 |
---------------+-------+-----
Fighting       | 3 |  3.4
Axes           | 2 |  2.8
Armour         | 3 |  3.1
Shields        | 3 |  3.2
Dodging        | |  0.1

Action                     |  1- 3 |  4- 6 || total
---------------------------+-------+-------++-------
  Melee: War axe           |    25 |    14 ||    39
         Bite              |     2 |     1 ||     3
 Armour: Scale mail        |    19 |    15 ||    34
  Dodge: Dodged            |     9 |     5 ||    14
  Block: Buckler           |     8 |     2 ||    10

Table legend: (Time is in decaauts)
 A = Elapsed time spent in this place.
 B = Non-inter-level travel time spent in this place.
 C = Inter-level travel time spent in this place.
 D = Time resting spent in this place.
 E = Time spent auto-exploring this place.
 F = Levels seen in this place.
 G = Mean time per level.
                   A        B        C        D        E       F      G
               +--------+--------+--------+--------+--------+-----+--------+
         Total |    298 |    298 |      0 |      0 |      0 |   4 |   74.5 |
       Dungeon |    298 |    298 |      0 |      0 |      0 |   4 |   74.5 |
               +--------+--------+--------+--------+--------+-----+--------+

Top non-repeatable levels by time:
     D:2: 98 daAuts
     D:3: 77 daAuts
     D:4: 65 daAuts
     D:1: 58 daAuts
